 Dungeon Crawl Stone Soup version 0.19-a0-1866-ge6f2195 (webtiles) character file.

79 rageheart7 the Slasher (level 4, 0/29 HPs)
             Began as an Octopode Gladiator on Oct 13, 2016.
             Killed from afar by an orc wizard (8 damage)
             ... with a magic dart
             ... on level 3 of the Dungeon.
             The game lasted 00:02:57 (1915 turns).

rageheart7 the Slasher (Octopode Gladiator)         Turns: 1915, Time: 00:02:58

Health: 0/29       AC:  2    Str: 14    XL:     4   Next: 37%
Magic:  4/4        EV: 14    Int: 10    God:
Gold:   80         SH:  0    Dex: 13    Spells: 0 memorised, 3 levels left

rFire  . . .     SeeInvis .     a - +0 long sword
rCold  . . .     Gourm    +     (no shield)
rNeg   . . .     Faith    .     i - +1 hat
rPois  .         Spirit   .     p - amulet of the gourmand
rElec  .         Dismiss  .     r - ring of resist corrosion
rCorr  +         Reflect  .     (no ring)
MR     .....     Harm     .     (no ring)
Stlth  +++.......               (no ring)
                                (no ring)
                                (no ring)
                                (no ring)
                                (no ring)

@: no status effects
A: almost no armour, stealthy swim, amphibious, 8 rings, constrict 8, camouflage
1, gelatinous body 1
a: no special abilities


You were on level 3 of the Dungeon.
You were not hungry.

You visited 1 branch of the dungeon, and saw 3 of its levels.

You collected 80 gold pieces.

Inventory:

Hand Weapons
 a - a +0 long sword (weapon)
 k - a +2 vampiric dagger
Missiles
 c - 3 throwing nets (quivered)
Armour
 i - a +1 hat (worn)
Jewellery
 p - an amulet of the gourmand (around mantle)
 r - a ring of resist corrosion (left tentacle)
Scrolls
 m - a scroll of teleportation
 n - a scroll of random uselessness {unknown}
Potions
 b - a potion of berserk rage {unknown}
 e - a potion of degeneration {unknown}
 f - 2 potions of might {unknown}
 h - a potion of flight {unknown}
 j - 2 potions of curing {unknown}
 l - 2 potions of lignification {unknown}
 t - a potion of cure mutation {unknown}
Comestibles
 d - 2 bread rations
 g - a meat ration
 q - 4 fruits
 s - a beef jerky


   Skills:
 - Level 2.0 Fighting
 * Level 4.4 Long Blades
 - Level 2.0 Throwing
 - Level 3.0 Dodging
 * Level 3.0 Stealth


You had 3 spell levels left.
You didn't know any spells.

Dungeon Overview and Level Annotations

Branches:
Dungeon (3/15)

Altars:
Makhleb
Sif Muna
Yredelemnul


Innate Abilities, Weirdness & Mutations

You cannot wear most types of armour.
You are very stealthy in the water. (Stealth+)
You are amphibious.
You can wear up to eight rings at the same time.
You can use your tentacles to constrict eight enemies at once.
Your skin changes colour to match your surroundings (Stealth+).
Your rubbery body absorbs attacks. (AC +1, EV +1)


Message History

You constrict the orc, but do no damage.
Something hits you. The orc hits you with a hand axe.
You slash the orc!
You kill the orc!
Something hits you.
No target in view!
No target in view!
You barely miss something. Your squeeze misses something. Something hits you.
You closely miss something. Something hits you.
You miss something. Something hits you.
You closely miss something. You squeeze something!
Something hits you but does no damage. Something hits you.
You miss something. Something hits you.
You closely miss something. Something hits you.
* * * LOW HITPOINT WARNING * * *
You closely miss something.
You hear some strange, mumbled words.
A magic dart appears from out of thin air!
The magic dart hits you!
You die...

.######### ## .. ..
.###### ......# ##
......# .# ......#
.# .####).....# .#
.##.@{#
#####.######.#$.###
....#....##..#.##
###..###....##.#
##..†.###..(.#
####..##...##
##÷##...##
#.......#
.................


There were no monsters in sight!

Vanquished Creatures
  An adder (D:1)
  An ooze (D:1)
  2 leopard geckos (D:2)
  2 orcs (D:3)
  A ball python (D:2)
  4 bats
  5 giant cockroaches
  7 goblins
  10 hobgoblins
  5 jackals
  5 kobolds (D:1)
  A quokka (D:2)
  2 frilled lizards
  5 rats
51 creatures vanquished.

Notes
Turn   | Place    | Note
-------+----------+-------------------------------------------
     0 | D:1      | rageheart7 the Octopode Gladiator began the quest for the Orb.
     0 | D:1      | Reached XP level 1. HP: 14/14 MP: 1/1
   103 | D:1      | Reached skill level 1 in Stealth
   175 | D:1      | Reached XP level 2. HP: 19/19 MP: 2/2
   394 | D:1      | Reached XP level 3. HP: 24/24 MP: 3/3
   464 | D:1      | Reached skill level 4 in Long Blades
  1124 | D:2      | Found a deep blue altar of Sif Muna.
  1124 | D:2      | Found a burning altar of Makhleb.
  1477 | D:2      | Reached XP level 4. HP: 29/29 MP: 4/4
  1810 | D:3      | Found a basalt altar of Yredelemnul.
  1915 | D:3      | Killed from afar by an orc wizard

Vault maps used:
D:1:      mainiacjoe_arrival_reflecting_pool, minivault_5
D:2:      grunt_temple_overflow_open, serial_bayou_lake_a
D:3:      marbit_many_paths, first_bread

Skill      XL: |  1  2  3  4 |
---------------+-------------+-----
Stealth        | 1 2 3 |  3.0
Long Blades    | 4 |  4.4
Fighting       | |  2.0
Throwing       | |  2.0
Dodging        | |  3.0

Action                   |  1- 3 |  4- 6 || total
-------------------------+-------+-------++-------
Melee: Long sword        |    51 |    31 ||    82
       Constrict         |    13 |     9 ||    22
       Tentacles         |     5 |     7 ||    12
  Use: Scroll            |     1 |     2 ||     3
 Stab: Sleeping          |     9 |     2 ||    11
       Distracted        |     1 |       ||     1
  Eat: Chunk             |     2 |    11 ||    13
Armor: Skin              |     4 |     1 ||     5
Dodge: Dodged            |    32 |    13 ||    45
       Rpst.: Long sword |    11 |     2 ||    13
